 Dungeon Sprint DCSS version 0.22.1-1-ga44c0e56f4 (webtiles) character file.

6 MuseOD the Sneak (level 1, -5/10 HPs)
             Began as a Spriggan Enchanter on Oct 2, 2018.
             Slain by a human (7 damage)
             ... in the Dungeon (Sprint III: "The Ten Rune Challenge").
             The game lasted 00:00:58 (298 turns).

MuseOD the Sneak (Spriggan Enchanter)                Turns: 298, Time: 00:00:58

Health: -5/10      AC:  2    Str:  4    XL:     1   Next: 75%
Magic:  2/5        EV: 18    Int: 16    God:
Gold:   0          SH:  0    Dex: 16    Spells: 4/5 levels left

rFire    . . .     SeeInvis +   a - +1 dagger
rCold    . . .     Gourm    .   (shield restricted)
rNeg     . . .     Faith    .   b - +0 robe
rPois    .         Spirit   .   (helmet restricted)
rElec    .         Reflect  .   (no cloak)
rCorr    .         Harm     .   (gloves unavailable)
MR       .....     NoTele   +   (boots unavailable)
Stlth    +++.......             (no amulet)
HPRegen  0.03/turn              (no ring)
MPRegen  0.09/turn              (no ring)

@: very slightly contaminated, very quick
A: very small, unfitting armour, see invisible, herbivore, speed 3, slow
metabolism 2
a: no special abilities


You were in the Dungeon.
You were not hungry.

You visited 1 branch

Inventory:

Hand Weapons
 a - a +1 dagger (weapon)
Armour
 b - a +0 robe (worn)
Scrolls
 j - a scroll of blinking
Potions
 e - 2 potions of curing
 f - a potion of heal wounds
 g - a potion of haste
 h - 2 potions of magic
 i - a potion of berserk rage
Comestibles
 d - a ration


   Skills:
 + Level 1.2 Fighting
 * Level 2.9 Short Blades
 - Level 3.0 Dodging
 + Level 5.2 Stealth
 - Level 2.6 Spellcasting
 - Level 3.6 Hexes


You had 4 spell levels left.
You knew the following spells:

 Your Spells              Type           Power        Failure   Level  Hunger
a - Corona                Hex            ##.....      4%          1    #......

Your spell library contained the following spells:

 Spells                   Type           Power        Failure   Level  Hunger
 Confuse                  Hex            ##......     13%         3    ###....
 Tukima's Dance           Hex            ##......     13%         3    ###....
 Ensorcelled Hibernation  Hex/Ice        #.....       14%         2    ##.....
 Dazzling Spray           Conj/Hex       #.....       28%         3    ###....


Dungeon Overview and Level Annotations

Branches:
Dungeon (1/1)

Altars:


Innate Abilities, Weirdness & Mutations

You are very small and have problems with some larger weapons.
You are too small for most types of armour.
You have supernaturally acute eyesight. (SInv)
You are a herbivore.
You cover ground extremely quickly.
You need to consume almost no food.


Message History

Aiming: Corona (safe; 4% risk of failure)
Press: ? - help, Shift-Dir - straight line, f/p - human
Aim: a human (heavily wounded, hasn't noticed you, chance to defeat MR: 50%)
The human is outlined in light.
You barely miss the human.
The human is heavily wounded.
The human hits you.
* * * LOW HITPOINT WARNING * * *
You hit the human.
The human is severely wounded.
The human closely misses you.
You hit the human.
The human is severely wounded.
The human misses you.
You are too injured to fight recklessly!
You closely miss the human.
The human is severely wounded.
The human hits you!
Ouch! That really hurt!
You die...

▓▓▓▓▓▓▓▓▓
▓<..#..[####
▓...#......##
▓..##.......# ..#
▓##.##.##...# ..#
##.##p###..# +#..#
▓#.####@##..# #...+
▓.###÷.##..####...#
▓#.....##..###....#
###..##...##.....#
##..##....#......#
#..###..##.#.....#
#..# #.. ####....#
▓▓▓▓ ▓▓▓ ▓▓▓▓▓▓


You could see a human.

Vanquished Creatures
  A phantom (D)
  4 rats (D)
5 creatures vanquished.

Vanquished Creatures (others)
  2 draconian scorchers (D)
  6 hellions (D)
  A yaktaur (D)
9 creatures vanquished.

Grand Total: 14 creatures vanquished

Notes
Turn   | Place    | Note
-------+----------+-------------------------------------------
     0 | D        | MuseOD the Spriggan Enchanter began the quest for the Orb.
     0 | D        | Reached XP level 1. HP: 9/9 MP: 5/5
    90 | D        | Killed a hellion
   107 | D        | Reached skill level 1 in Fighting
   107 | D        | Reached skill level 5 in Stealth
   156 | D        | Killed a hellion
   156 | D        | Killed a hellion
   157 | D        | Killed a hellion
   157 | D        | Killed a hellion
   175 | D        | Killed a hellion
   183 | D        | Killed a yaktaur
   234 | D        | Killed a white draconian scorcher
   269 | D        | Killed a white draconian scorcher
   298 | D        | Slain by a human

Skill      XL: |  1 |
---------------+----+-----
Short Blades   | 2 |  2.9
Fighting       | 1 |  1.2
Stealth        | 5 |  5.2
Dodging        | |  3.0
Spellcasting   | |  2.6
Hexes          | |  3.6

Action                   || total
-------------------------++-------
Melee: Dagger            ||    42
 Cast: Corona            ||     6
 Stab: Sleeping          ||     3
Armor: Robe              ||     1
Dodge: Dodged            ||    33
